TOP OF THE 1ST |
Savannah Hogs batting - Pitching for Pensacola Pilots : LHP Andrew Steele
|
Pitching: LHP Andrew Steele
|
|
Batting: RHB Miguel Martínez
|
0-0: Ball 1-0: Ball 2-0: Ball 3-0: Called Strike 3-1: Foul Ball, location: 2F 3-2: Strikes out looking
|
Batting: SHB Juan Chávez
|
0-0: Called Strike 0-1: Ball 1-1: Hit by Pitch
|
Batting: RHB Pedro Cuevas
|
0-0: Ball 1-0: Called Strike 1-1: Called Strike 1-2: Fly out, F7 (Flyball, 78D)
|
Batting: SHB David Bennett
|
0-0: Ball 1-0: Ball 2-0: Ball 3-0: Called Strike 3-1: Fly out, F8 (Flyball, 8RS)
|
Top of the 1st over - 0 runs, 0 hits, 0 errors, 1 left on base; Savannah 0 - Pensacola 0 |
BOTTOM OF THE 1ST |
Pensacola Pilots batting - Pitching for Savannah Hogs : RHP John Allen
|
Pitching: RHP John Allen
|
|
Batting: RHB Tony Pulla
|
0-0: Called Strike 0-1: Called Strike 0-2: Foul Ball, location: 2F 0-2: Ground out 4-3 (Groundball, 4)
|
Batting: LHB Ángel Flores
|
0-0: Called Strike 0-1: Called Strike 0-2: Foul Ball, location: 2F 0-2: Ball 1-2: Ball 2-2: Ball 3-2: Ground out 6-3 (Groundball, 6)
|
Batting: RHB Albert Morán
|
0-0: Ball 1-0: Foul Ball, location: 2F 1-1: Ball 2-1: Fly out, F9 (Flyball, 89D)
|
Bottom of the 1st over - 0 runs, 0 hits, 0 errors, 0 left on base; Savannah 0 - Pensacola 0 |
TOP OF THE 2ND |
Savannah Hogs batting - Pitching for Pensacola Pilots : LHP Andrew Steele
|
Batting: LHB Alberto Castellanos
|
0-0: Fly out, F5 (Popup, 15)
|
Batting: RHB Richard Cardoza
|
0-0: Fly out, F6 (Line Drive, 6M)
|
Batting: RHB Louis Miller
|
0-0: Ball 1-0: Ball 2-0: SINGLE (Groundball, 4MD)
|
Batting: SHB Ramón Minas
|
0-0: Ball Louis Miller is caught stealing 2nd base
|
Top of the 2nd over - 0 runs, 1 hit, 0 errors, 0 left on base; Savannah 0 - Pensacola 0 |
BOTTOM OF THE 2ND |
Pensacola Pilots batting - Pitching for Savannah Hogs : RHP John Allen
|
Batting: LHB Preston Hamilton
|
0-0: Foul Ball, location: 2F 0-1: Swinging Strike 0-2: Ball 1-2: Foul Ball, location: 2F 1-2: Fly out, F9 (Flyball, 89D)
|
Batting: RHB Pietro Ciccoritti
|
0-0: Called Strike 0-1: Called Strike 0-2: Ball 1-2: Ball 2-2: Fly out, F8 (Flyball, 8LD)
|
Batting: SHB Carlos González
|
0-0: Called Strike 0-1: Fly out, F8 (Flyball, 8RD)
|
Bottom of the 2nd over - 0 runs, 0 hits, 0 errors, 0 left on base; Savannah 0 - Pensacola 0 |
TOP OF THE 3RD |
Savannah Hogs batting - Pitching for Pensacola Pilots : LHP Andrew Steele
|
Batting: SHB Ramón Minas
|
0-0: Fly out, F8 (Flyball, 89D)
|
Batting: SHB Gilberto Acevedo
|
0-0: Called Strike 0-1: Called Strike 0-2: Foul Ball, location: 2F 0-2: Ball 1-2: Ball 2-2: Strikes out swinging, 2-3 out at first.
|
Batting: RHB Miguel Martínez
|
0-0: Fly out, F9 (Flyball, 89M)
|
Top of the 3rd over - 0 runs, 0 hits, 0 errors, 0 left on base; Savannah 0 - Pensacola 0 |
BOTTOM OF THE 3RD |
Pensacola Pilots batting - Pitching for Savannah Hogs : RHP John Allen
|
Batting: RHB José Ramos
|
0-0: Ball 1-0: Ball 2-0: SOLO HOME RUN (Flyball, 89D), Distance : 430 ft
|
Batting: RHB Octávio Aldeguer
|
0-0: Ball 1-0: Ball 2-0: Ball 3-0: Called Strike 3-1: Base on Balls
|
Batting: RHB Timothy Foster
|
0-0: Called Strike 0-1: Ball 1-1: SINGLE (Groundball, 56S) (infield hit) Octávio Aldeguer to second
|
Batting: RHB Tony Pulla
|
0-0: Ball 1-0: Ball 2-0: Foul Ball, location: 2F 2-1: Ball 3-1: SINGLE (Groundball, 6MD) Octávio Aldeguer to third Timothy Foster to second
|
Batting: LHB Ángel Flores
|
0-0: Ball 1-0: Called Strike 1-1: Swinging Strike 1-2: Foul Ball, location: 2F 1-2: Ball 2-2: Strikes out swinging
|
Batting: RHB Albert Morán
|
0-0: Ball 1-0: Called Strike 1-1: Fly out, F2 (Popup, 5SF)
|
Batting: LHB Preston Hamilton
|
0-0: Ball 1-0: Ball 2-0: Ball 3-0: Base on Balls Octávio Aldeguer scores Timothy Foster to third Tony Pulla to second
|
Batting: RHB Pietro Ciccoritti
|
0-0: Called Strike 0-1: Ball 1-1: Swinging Strike 1-2: Strikes out swinging
|
Bottom of the 3rd over - 2 runs, 3 hits, 0 errors, 3 left on base; Savannah 0 - Pensacola 2 |
TOP OF THE 4TH |
Savannah Hogs batting - Pitching for Pensacola Pilots : LHP Andrew Steele
|
Batting: SHB Juan Chávez
|
0-0: Called Strike
|
|
|
|
0-1: Swinging Strike 0-2: Foul Ball, location: 2F 0-2: Ball 1-2: Ball 2-2: Ball 3-2: Foul Ball, location: 2F 3-2: SINGLE (Line Drive, 56D)
|
Batting: RHB Pedro Cuevas
|
0-0: Called Strike 0-1: Swinging Strike 0-2: Hit by Pitch Juan Chávez to second
|
Batting: SHB David Bennett
|
0-0: Called Strike 0-1: Swinging Strike 0-2: Ball 1-2: Ball 2-2: Foul Ball, location: 2F 2-2: Strikes out looking
|
Batting: LHB Alberto Castellanos
|
0-0: Fielders Choice at 2nd, 3-6 (Groundball, 3) Juan Chávez to third
|
Batting: RHB Richard Cardoza
|
0-0: Ball 1-0: Ball 2-0: Called Strike 2-1: Fielders Choice at 2nd, 5-4 (Groundball, 56)
|
Top of the 4th over - 0 runs, 1 hit, 0 errors, 2 left on base; Savannah 0 - Pensacola 2 |
BOTTOM OF THE 4TH |
Pensacola Pilots batting - Pitching for Savannah Hogs : RHP John Allen
|
Batting: SHB Carlos González
|
0-0: Swinging Strike 0-1: Called Strike 0-2: SINGLE (Line Drive, 7S)
|
Batting: RHB José Ramos
|
0-0: Ball 1-0: Ball Carlos González is caught stealing 2nd base 2-0: Foul Ball, location: 2F 2-1: Ground out 6-3 (Groundball, 6)
|
Batting: RHB Octávio Aldeguer
|
0-0: Swinging Strike 0-1: Called Strike 0-2: Ball 1-2: Foul Ball, location: 2F 1-2: Ball 2-2: Ball 3-2: Foul Ball, location: 2F 3-2: SINGLE (Flyball, 9S) - OUT at second base trying to stretch hit.
|
Bottom of the 4th over - 0 runs, 2 hits, 0 errors, 0 left on base; Savannah 0 - Pensacola 2 |
TOP OF THE 5TH |
Savannah Hogs batting - Pitching for Pensacola Pilots : LHP Andrew Steele
|
Batting: RHB Louis Miller
|
0-0: Ball 1-0: Foul Ball, location: 2F 1-1: Ground out 4-3 (Groundball, 34)
|
Batting: SHB Ramón Minas
|
0-0: Ball 1-0: Ball 2-0: Called Strike 2-1: Ball 3-1: Base on Balls
|
Batting: SHB Gilberto Acevedo
|
0-0: Ball 1-0: Ball 2-0: Grounds into double play, 5-4-3 (Groundball, 56)
|
Top of the 5th over - 0 runs, 0 hits, 0 errors, 0 left on base; Savannah 0 - Pensacola 2 |
BOTTOM OF THE 5TH |
Pensacola Pilots batting - Pitching for Savannah Hogs : RHP John Allen
|
Batting: RHB Timothy Foster
|
0-0: Fly out, F9 (Flyball, 89M)
|
Batting: RHB Tony Pulla
|
0-0: Foul Ball, location: 2F 0-1: Ball 1-1: Ball 2-1: Ball 3-1: Base on Balls
|
Batting: LHB Ángel Flores
|
0-0: Called Strike 0-1: Ball 1-1: Swinging Strike 1-2: Ball 2-2: Foul Ball, location: 2F 2-2: Ball 3-2: Fly out, F8 (Flyball, 8LM)
|
Batting: RHB Albert Morán
|
0-0: Ball 1-0: Called Strike Tony Pulla steals 2nd base 1-1: Intentional Walk
|
Batting: LHB Preston Hamilton
|
0-0: Called Strike
|
|
|
|
0-1: SINGLE (Groundball, 4MD) Tony Pulla to third Albert Morán to second Runner from 3rd tries for Home, SAFE, no throw
|
Pitching: RHP César Marrero
|
|
Batting: RHB Pietro Ciccoritti
|
0-0: Foul Ball, location: 2F 0-1: Ball 1-1: Ball 2-1: Fly out, F2 (Popup, 3SF)
|
Bottom of the 5th over - 1 run, 1 hit, 0 errors, 2 left on base; Savannah 0 - Pensacola 3 |
TOP OF THE 6TH |
Savannah Hogs batting - Pitching for Pensacola Pilots : LHP Andrew Steele
|
Batting: RHB Miguel Martínez
|
0-0: Ground out 5-3 (Groundball, 5)
|
Batting: SHB Juan Chávez
|
0-0: Called Strike 0-1: Swinging Strike 0-2: Hit by Pitch
|
Pitching: LHP Jerry Saunders
|
|
Batting: RHB Pedro Cuevas
|
0-0: Swinging Strike 0-1: Ball 1-1: Called Strike 1-2: Foul Ball, location: 2F 1-2: Foul Ball, location: 2F 1-2: Foul Ball, location: 2F 1-2: Fly out, F9 (Flyball, 89S)
|
Batting: SHB David Bennett
|
0-0: Ball 1-0: Foul Ball, location: 2F 1-1: Fly out, F3 (Popup, 34S)
|
Top of the 6th over - 0 runs, 0 hits, 0 errors, 1 left on base; Savannah 0 - Pensacola 3 |
BOTTOM OF THE 6TH |
Pensacola Pilots batting - Pitching for Savannah Hogs : RHP César Marrero
|
Batting: SHB Carlos González
|
0-0: Called Strike 0-1: Ball 1-1: Called Strike 1-2: Ball 2-2: Foul Ball, location: 2F 2-2: Ball 3-2: Foul Ball, location: 2F 3-2: Base on Balls
|
Batting: RHB José Ramos
|
0-0: Called Strike Carlos González steals 2nd base 0-1: Ball 1-1: Fly out, F9 (Flyball, 89M)
|
Batting: RHB Octávio Aldeguer
|
0-0: Intentional Walk
|
Batting: RHB Timothy Foster
|
0-0: Called Strike Throwing error on steal attempt, E2 Carlos González scores Octávio Aldeguer to third 0-1: SINGLE (Groundball, 4MD) Octávio Aldeguer scores
|
Batting: RHB Tony Pulla
|
0-0: Ball 1-0: Ball Wild Pitch! Timothy Foster to second 2-0: Ball 3-0: Base on Balls
|
Batting: LHB Ángel Flores
|
0-0: Called Strike 0-1: Swinging Strike 0-2: Ball 1-2: Ball 2-2: Ball Wild Pitch! Timothy Foster to third Tony Pulla to second 3-2: Foul Ball, location: 2F 3-2: Strikes out swinging
|
Batting: RHB Albert Morán
|
0-0: Intentional Walk
|
Batting: LHB Preston Hamilton
|
0-0: SINGLE (Line Drive, 89S) Timothy Foster scores Tony Pulla to third Albert Morán to second Runner from 3rd tries for Home, SAFE, no throw
|
Batting: RHB Pietro Ciccoritti
|
0-0: Fielders Choice at 2nd, 6-4 (Groundball, 6)
|
Bottom of the 6th over - 4 runs, 2 hits, 1 error, 2 left on base; Savannah 0 - Pensacola 7 |
TOP OF THE 7TH |
Savannah Hogs batting - Pitching for Pensacola Pilots : LHP Jerry Saunders
|
Batting: LHB Alberto Castellanos
|
0-0: Called Strike 0-1: Ball 1-1: Foul Ball, location: 2F 1-2: Foul Ball, location: 2F 1-2: Ball 2-2: Foul Ball, location: 2F 2-2: Ball 3-2: Base on Balls
|
Batting: RHB Richard Cardoza
|
0-0: Ball 1-0: Called Strike 1-1: Called Strike 1-2: Strikes out swinging
|
Batting: RHB Louis Miller
|
0-0: Called Strike 0-1: Grounds into double play, 5-4-3 (Groundball, 56)
|
Top of the 7th over - 0 runs, 0 hits, 0 errors, 0 left on base; Savannah 0 - Pensacola 7 |
BOTTOM OF THE 7TH |
Pensacola Pilots batting - Pitching for Savannah Hogs : RHP César Marrero
|
Batting: SHB Carlos González
|
0-0: Ball 1-0: Called Strike 1-1: Ball 2-1: Ball 3-1: Ground out U3 (Groundball, 3L)
|
Batting: RHB José Ramos
|
0-0: Ball 1-0: Ball 2-0: Foul Ball, location: 2F 2-1: Called Strike 2-2: Ground out 6-3 (Groundball, 6MS)
|
Batting: RHB Octávio Aldeguer
|
0-0: Ball 1-0: Ball 2-0: Ball 3-0: Foul Ball, location: 2F 3-1: SINGLE (Line Drive, 34D)
|
Batting: RHB Timothy Foster
|
0-0: Ball 1-0: Called Strike 1-1: SINGLE (Line Drive, 78S) Octávio Aldeguer to second
|
Batting: RHB Tony Pulla
|
0-0: Foul Ball, location: 2F 0-1: Ball 1-1: Called Strike 1-2: Foul Ball, location: 2F 1-2: Foul Ball, location: 2F 1-2: Ball 2-2: Ground out 6-3 (Groundball, 6S)
|
Bottom of the 7th over - 0 runs, 2 hits, 0 errors, 2 left on base; Savannah 0 - Pensacola 7 |
TOP OF THE 8TH |
Savannah Hogs batting - Pitching for Pensacola Pilots : LHP Jerry Saunders
|
Batting: SHB Ramón Minas
|
0-0: Fly out, F9 (Flyball, 9D)
|
Batting: SHB Gilberto Acevedo
|
0-0: Called Strike 0-1: Ball 1-1: Swinging Strike 1-2: Ball 2-2: Ball 3-2: Foul Ball, location: 2F 3-2: Base on Balls
|
Batting: RHB Miguel Martínez
|
0-0: SINGLE (Line Drive, 7S) Gilberto Acevedo to second
|
Batting: SHB Juan Chávez
|
0-0: Ball Wild Pitch! Gilberto Acevedo to third Miguel Martínez to second 1-0: Fly out, F9 (Flyball, 9D) Runner from 3rd tags up, SCORES, no throw Miguel Martínez to third
|
Batting: RHB Pedro Cuevas
|
0-0: Ball 1-0: Ball 2-0: Swinging Strike 2-1: Foul Ball, location: 2F 2-2: Ball 3-2: Strikes out swinging
|
Top of the 8th over - 1 run, 1 hit, 0 errors, 1 left on base; Savannah 1 - Pensacola 7 |
BOTTOM OF THE 8TH |
Pensacola Pilots batting - Pitching for Savannah Hogs : RHP César Marrero
|
Pitching: RHP Fernando Vázquez
|
|
Batting: LHB Ángel Flores
|
0-0: Ball 1-0: Ball 2-0: Called Strike 2-1: Ball 3-1: Base on Balls
|
Batting: RHB Albert Morán
|
0-0: Foul Ball, location: 2F 0-1: Foul Ball, location: 2F 0-2: Ball 1-2: Fielders Choice at 2nd, 6-4 (Groundball, 6)
|
Batting: LHB Preston Hamilton
|
0-0: Called Strike 0-1: Ball 1-1: Foul Ball, location: 2F 1-2: Strikes out swinging
|
Batting: RHB Pietro Ciccoritti
|
0-0: Called Strike 0-1: Ball 1-1: Foul Ball, location: 2F 1-2: Foul Ball, location: 2F 1-2: Ball Albert Morán steals 2nd base 2-2: Ball 3-2: Base on Balls
|
Batting: SHB Carlos González
|
0-0: Ball 1-0: Called Strike 1-1: Ball 2-1: 3-RUN HOME RUN (Flyball, 9LD), Distance : 367 ft
|
Batting: RHB José Ramos
|
0-0: SINGLE (Line Drive, 8LS)
|
Batting: RHB Octávio Aldeguer
|
0-0: Ball 1-0: Fielders Choice at 2nd, 5-4 (Groundball, 5L)
|
Bottom of the 8th over - 3 runs, 2 hits, 0 errors, 1 left on base; Savannah 1 - Pensacola 10 |
TOP OF THE 9TH |
Savannah Hogs batting - Pitching for Pensacola Pilots : LHP Jerry Saunders
|
Now at 1B: John Hall
|
|
Batting: SHB David Bennett
|
0-0: Ball 1-0: Ball 2-0: Foul Ball, location: 2F 2-1: Called Strike 2-2: Strikes out swinging
|
Batting: LHB Alberto Castellanos
|
0-0: Called Strike 0-1: Ball 1-1: Ball 2-1: Fly out, F8 (Flyball, 78S)
|
Batting: RHB Richard Cardoza
|
0-0: Foul Ball, location: 2F 0-1: Ball 1-1: Called Strike 1-2: Strikes out swinging
|
Top of the 9th over - 0 runs, 0 hits, 0 errors, 0 left on base; Savannah 1 - Pensacola 10 |
|
Saturday, April 7th, 2018 - OOTP Baseball 18.8 Build 76
|
|